AoeStats
← 无忧无虑

Northern Isles

510281254Analyzed
1v1 RM · 2d ago on Sep 30, 2026· 51m 20s· 2 players
Game mode
Random Map
Map size
Tiny (2 player)
Population
200
Speed
Normal
Resources
Standard
Victory
Conquest
Starting age
Dark Age
Ending age
Imperial Age
RankedLock teamsTeams togetherTeam positionsShared explorationLock speedFull tech treeHidden civsTurbo modeCheats
Victory
Defeat
🇫🇮 Danes · Finland
822
+16
🇨🇳 Teutons · China
819
-42
无忧无虑
8:07 Loom
12:47 Feudal Age
15:43 Wheelbarrow
15:01 Double-Bit Axe
15:44 Horse Collar
20:39 Man-at-Arms
21:48 Gold Mining
25:34 Castle Age
27:31 Heavy Plow
27:30 Long Swordsman
28:14 Squires
28:00 Gambesons
29:15 Hand Cart
33:02 Bow Saw
38:01 Imperial Age
35:32 Town Watch
38:42 Ballistics
38:13 Guard Tower
41:30 Two-Handed Swordsman
42:22 Crossbowman
45:20 Chemistry
49:03 Keep
49:47 Heated Shot
KEINO
11:21 Feudal Age
9:37 Loom
12:33 Fishing Lines
12:46 Double-Bit Axe
14:18 Wheelbarrow
15:24 Town Watch
16:01 Gold Mining
20:28 Castle Age
19:05 Stone Mining
22:37 Bow Saw
25:37 Medium Warships
27:07 Murder Holes
27:27 Careening
27:29 Clinker Construction
29:17 Ballistics
29:43 Gillnets
33:41 Imperial Age
31:49 Fletching
32:12 Forging
34:01 Gold Shaft Mining
33:43 Bodkin Arrow
34:39 Iron Casting
35:52 Chemistry
35:44 Hand Cart
35:12 Elite Longship
35:57 Horse Collar
37:01 Stone Shaft Mining
37:28 Dry Dock
38:44 Shipwright
39:44 Bracer
43:59 Town Patrol
45:06 Blast Furnace
44:33 Carvel Hull
48:21 Elite Jomsviking
Connection lost

Rejoining the realm…

Still unreachable

The connection could not be restored.

Session expired

The server has moved on; the page needs a fresh start.